 Dungeon Crawl Stone Soup version 0.29.0-4-gdea44cf6ec (webtiles) character file.

Game seed: 12481092861653033667

44 qw the Caller (level 3, -1/29 HPs)
             Began as a Ghoul Summoner on Sept 9, 2022.
             Slain by a quokka (3 damage)
             ... on level 2 of the Dungeon.
             The game lasted 00:01:07 (2445 turns).

qw the Caller (Ghoul Summoner)                      Turns: 2445, Time: 00:01:08

Health: -1/29      AC:  3    Str: 13    XL:     3   Next: 60%
Magic:  0/4        EV: 12    Int: 10    God:
Gold:   66         SH:  0    Dex:  9    Spells: 4/5 levels left

rFire   . . .      SeeInvis .   e - +0 trident
rCold   + . .      Faith    .   (no shield)
rNeg    + + +      Spirit   .   a - +0 robe
rPois   inf        Reflect  .   (no helmet)
rElec   .          Harm     .   (no cloak)
rCorr   .          Rampage  .   h - +0 pair of gloves
Will    .....                   (no boots)
Stlth   ++........              (no amulet)
HPRegen 0.00/turn               (no ring)
MPRegen 0.09/turn               (no ring)

@: inhibited regen
A: claws 1, cold resistance 1, negative energy resistance 3, inhibited
regeneration, torment resistance 2, devour on kill
a: no special abilities


You were on level 2 of the Dungeon.
You visited 1 branch of the dungeon, and saw 2 of its levels.

You collected 66 gold pieces.


Innate Abilities, Weirdness & Mutations

You are immune to poison.
You have sharp fingernails.
Your flesh is cold resistant. (rC+)
You are immune to negative energy. (rN+++)
You do not regenerate when monsters are visible.
You are immune to unholy pain and torment.
You thrive by killing the living.


   Skills:
 - Level 2.0 Fighting
 + Level 2.1 Axes
 - Level 1.7 Dodging
 - Level 2.1 Stealth
 - Level 1.7 Spellcasting
 - Level 3.6 Summonings


You had 4 spell levels left.
You knew the following spells:

 Your Spells              Type           Power      Damage    Failure   Level
a - Summon Small Mammal   Summ           32%        N/A       8%          1

Your spell library contained the following spells:

 Spells                   Type           Power      Damage    Failure   Level
 Call Imp                 Summ           8%         N/A       11%         2
 Call Canine Familiar     Summ           8%         N/A       22%         3
 Summon Guardian Golem    Hex/Summ       4%         N/A       43%         3
 Summon Lightning Spire   Summ/Air       4%         N/A       83%         4

Inventory:

Hand Weapons
 e - a +0 trident (weapon)
Missiles
 k - 5 boomerangs (quivered)
Armour
 a - a +0 robe (worn)
 d - a +0 scale mail
 h - a +0 pair of gloves (worn)
Scrolls
 b - 2 scrolls of identify {unknown}
Potions
 c - 3 potions of lignification {unknown}
 f - 2 potions of heal wounds {unknown}
 g - a potion of cancellation {unknown}
 i - a potion of haste {unknown}
 j - a potion of berserk rage {unknown}

Dungeon Overview and Level Annotations

Branches:
Dungeon (2/15)

Altars:
Cheibriados


Message History

Confirm with . or Enter, or press ? or * to list all spells.
You miscast Summon Small Mammal.
You are very lightly contaminated with residual magic.
Nothing appears to happen.
Your bat closely misses the adder.
The quokka bites you. The adder bites you. The quokka bites you.
You closely miss the adder.
The adder is lightly wounded.
The adder closely misses you.
Your bat hits the adder. The quokka closely misses you.
The adder barely misses you.
Your bat closely misses the adder.
You hit the adder.
The adder is moderately wounded.
Your bat hits the adder. The quokka misses you. The adder bites you.
The quokka misses you.
You barely miss the adder.
The adder is moderately wounded.
Your bat misses the adder. The adder bites you.
Your bat completely misses the adder.
The adder barely misses you. The quokka closely misses you.
You hit the adder.
The adder is severely wounded.
Your bat misses the adder.
Your bat closely misses the quokka.
The adder bites you. The quokka closely misses you.
Your bat misses the quokka. The adder misses you.
You closely miss the adder.
The adder is severely wounded.
Your bat hits the adder but does no damage.
The quokka closely misses you. x2; Your bat misses the adder.
Your magical contamination has completely faded away.
You barely miss the quokka.
Your bat hits the adder but does no damage.
Your bat closely misses the adder.
The adder bites your bat.
Your bat dies!
Your bat's corpse disappears in a puff of smoke!
The quokka bites you but does no damage.
You barely miss the adder.
The adder is severely wounded.
The quokka bites you.
You die...

#......# ##.###
##.### #......#
#...###.....
#......#
###..#...##.
######.# ##%#...#..
#.### #.......#
#...# #<.....##
###.## #.....#..##
#..## #....##...#
##@r###.....####..#
##S.##...### #...
##¤#.... ###.
#.)....¤....# ##.
#.....#%.¤...# ##..
..!........#...
#... #.... ....##
#.####.##
####.......
.......... #
......######...##


You could see an adder and a quokka.

Vanquished Creatures
  A dart slug (D:1)
  4 endoplasms
  2 giant cockroaches
  A goblin (D:1)
  4 jackals
  A quokka (D:2)
  A ball python (D:1)
  4 bats
  A frilled lizard (D:1)
  3 kobolds (D:1)
  3 rats
25 creatures vanquished.

Vanquished Creatures (collateral kills)
  A dart slug (D:1)
  3 hobgoblins (D:1)
  A jackal (D:1)
  2 ball pythons
  2 frilled lizards
  6 rats
15 creatures vanquished.

Vanquished Creatures (others)
  3 plants (D:1)
3 creatures vanquished.

Grand Total: 43 creatures vanquished

Notes
Turn   | Place    | Note
-------+----------+-------------------------------------------
     0 | D:1      | qw the Ghoul Summoner began the quest for the Orb.
     0 | D:1      | Reached XP level 1. HP: 14/14 MP: 2/2
     0 | D:1      | 0 ||| qw: Version: 0.1-a-113-g051387a
     0 | D:1      | 0 ||| qw: Game counter: 6943
     0 | D:1      | 0 ||| qw: Always use a shield: true
     0 | D:1      | 0 ||| qw: God list: Okawaru
     0 | D:1      | 0 ||| qw: Allow faded altars: false
     0 | D:1      | 0 ||| qw: Do Orc after D:15 true
     0 | D:1      | 0 ||| qw: Do second Lair branch before Depths: true
     0 | D:1      | 0 ||| qw: Lair rune preference: random
     0 | D:1      | 0 ||| qw: Plans: Normal
     0 | D:1      | 0 ||| PLANNING D:1-11
     5 | D:1      | 5 ||| CASTING Summon Small Mammal
     6 | D:1      | 6 ||| CASTING Summon Small Mammal
    18 | D:1      | 18 ||| CASTING Summon Small Mammal
    20 | D:1      | 20 ||| Stepping ~*~*~tactically~*~*~ (outnumbered).
    45 | D:1      | 45 ||| Wielding weapon +0 dagger.
    86 | D:1      | 86 ||| CASTING Summon Small Mammal
    87 | D:1      | 87 ||| CASTING Summon Small Mammal
    98 | D:1      | 98 ||| CASTING Summon Small Mammal
   178 | D:1      | 178 ||| CASTING Summon Small Mammal
   179 | D:1      | 179 ||| CASTING Summon Small Mammal
   184 | D:1      | Reached skill level 1 in Axes
   279 | D:1      | 279 ||| CASTING Summon Small Mammal
   280 | D:1      | 280 ||| CASTING Summon Small Mammal
   291 | D:1      | Reached skill level 1 in Fighting
   291 | D:1      | Reached XP level 2. HP: 18/23 MP: 0/3
   358 | D:1      | 358 ||| CASTING Summon Small Mammal
   359 | D:1      | 359 ||| CASTING Summon Small Mammal
   360 | D:1      | 360 ||| CASTING Summon Small Mammal
   364 | D:1      | 364 ||| Stepping ~*~*~tactically~*~*~ (stealth).
   370 | D:1      | 370 ||| CASTING Summon Small Mammal
   410 | D:1      | 410 ||| SWAPPING to +0 club.
   411 | D:1      | 411 ||| DROPPING +0 dagger.
   415 | D:1      | 415 ||| CASTING Summon Small Mammal
   416 | D:1      | 416 ||| CASTING Summon Small Mammal
   417 | D:1      | 417 ||| CASTING Summon Small Mammal
   427 | D:1      | 427 ||| CASTING Summon Small Mammal
   437 | D:1      | 437 ||| CASTING Summon Small Mammal
   574 | D:1      | 574 ||| CASTING Summon Small Mammal
   575 | D:1      | 575 ||| CASTING Summon Small Mammal
   576 | D:1      | 576 ||| CASTING Summon Small Mammal
   626 | D:1      | 626 ||| CASTING Summon Small Mammal
   627 | D:1      | 627 ||| CASTING Summon Small Mammal
   628 | D:1      | 628 ||| CASTING Summon Small Mammal
   639 | D:1      | 639 ||| CASTING Summon Small Mammal
   689 | D:1      | 689 ||| CASTING Summon Small Mammal
   690 | D:1      | 690 ||| CASTING Summon Small Mammal
   691 | D:1      | 691 ||| CASTING Summon Small Mammal
   702 | D:1      | 702 ||| CASTING Summon Small Mammal
   741 | D:1      | 741 ||| SWAPPING to +3 dagger.
   742 | D:1      | 742 ||| DROPPING +0 club.
   761 | D:1      | 761 ||| CASTING Summon Small Mammal
   762 | D:1      | 762 ||| CASTING Summon Small Mammal
   763 | D:1      | 763 ||| CASTING Summon Small Mammal
   810 | D:1      | 810 ||| CASTING Summon Small Mammal
   811 | D:1      | 811 ||| CASTING Summon Small Mammal
   812 | D:1      | 812 ||| CASTING Summon Small Mammal
   852 | D:1      | 852 ||| CASTING Summon Small Mammal
   853 | D:1      | 853 ||| CASTING Summon Small Mammal
   854 | D:1      | 854 ||| CASTING Summon Small Mammal
   901 | D:1      | 901 ||| CASTING Summon Small Mammal
   902 | D:1      | 902 ||| CASTING Summon Small Mammal
   904 | D:1      | 904 ||| CASTING Summon Small Mammal
   957 | D:1      | 957 ||| CASTING Summon Small Mammal
   958 | D:1      | 958 ||| CASTING Summon Small Mammal
   959 | D:1      | 959 ||| CASTING Summon Small Mammal
   960 | D:1      | Found a faded altar of an unknown god.
   968 | D:1      | Reached XP level 3. HP: 21/28 MP: 1/4
  1040 | D:1      | 1040 ||| CASTING Summon Small Mammal
  1041 | D:1      | 1041 ||| CASTING Summon Small Mammal
  1042 | D:1      | 1042 ||| CASTING Summon Small Mammal
  1043 | D:1      | 1043 ||| CASTING Summon Small Mammal
  1169 | D:1      | 1169 ||| CASTING Summon Small Mammal
  1170 | D:1      | 1170 ||| CASTING Summon Small Mammal
  1171 | D:1      | 1171 ||| CASTING Summon Small Mammal
  1172 | D:1      | 1172 ||| CASTING Summon Small Mammal
  1280 | D:1      | 1280 ||| CASTING Summon Small Mammal
  1281 | D:1      | 1281 ||| CASTING Summon Small Mammal
  1282 | D:1      | 1282 ||| CASTING Summon Small Mammal
  1283 | D:1      | 1283 ||| CASTING Summon Small Mammal
  1643 | D:1      | 1643 ||| CASTING Summon Small Mammal
  1644 | D:1      | 1644 ||| Stepping ~*~*~tactically~*~*~ (water).
  1645 | D:1      | 1645 ||| CASTING Summon Small Mammal
  1646 | D:1      | 1646 ||| CASTING Summon Small Mammal
  1647 | D:1      | 1647 ||| CASTING Summon Small Mammal
  1753 | D:1      | 1753 ||| UPGRADING to +0 pair of gloves.
  1758 | D:1      | 1758 ||| READING scroll labelled ONISEN ASUCK.
  1759 | D:1      | 1759 ||| READING scroll labelled ZIBOOHYNOS.
  1760 | D:1      | 1760 ||| READING scroll labelled UHID SUSOO.
  1761 | D:1      | 1761 ||| DROPPING potion of magic.
  1802 | D:2      | 1802 ||| CASTING Summon Small Mammal
  1803 | D:2      | 1803 ||| STAIRDANCE
  1815 | D:2      | 1815 ||| CASTING Summon Small Mammal
  1816 | D:2      | 1816 ||| STAIRDANCE
  1827 | D:2      | 1827 ||| CASTING Summon Small Mammal
  1828 | D:2      | 1828 ||| CASTING Summon Small Mammal
  1829 | D:2      | 1829 ||| CASTING Summon Small Mammal
  1830 | D:2      | 1830 ||| STAIRDANCE
  1870 | D:2      | 1870 ||| Stepping ~*~*~tactically~*~*~ (stealth).
  1872 | D:2      | 1872 ||| Stepping ~*~*~tactically~*~*~ (stealth).
  1873 | D:2      | 1873 ||| Stepping ~*~*~tactically~*~*~ (stealth).
  1874 | D:2      | 1874 ||| CASTING Summon Small Mammal
  1875 | D:2      | 1875 ||| CASTING Summon Small Mammal
  1876 | D:2      | 1876 ||| CASTING Summon Small Mammal
  1877 | D:2      | 1877 ||| CASTING Summon Small Mammal
  1885 | D:2      | 1885 ||| CASTING Summon Small Mammal
  1957 | D:2      | 1957 ||| CASTING Summon Small Mammal
  1958 | D:2      | 1958 ||| CASTING Summon Small Mammal
  1959 | D:2      | 1959 ||| CASTING Summon Small Mammal
  1960 | D:2      | 1960 ||| CASTING Summon Small Mammal
  2004 | D:2      | 2004 ||| CASTING Summon Small Mammal
  2005 | D:2      | 2005 ||| CASTING Summon Small Mammal
  2006 | D:2      | 2006 ||| CASTING Summon Small Mammal
  2007 | D:2      | 2007 ||| CASTING Summon Small Mammal
  2052 | D:2      | 2052 ||| CASTING Summon Small Mammal
  2053 | D:2      | 2053 ||| CASTING Summon Small Mammal
  2054 | D:2      | 2054 ||| CASTING Summon Small Mammal
  2055 | D:2      | 2055 ||| CASTING Summon Small Mammal
  2111 | D:2      | 2111 ||| SWAPPING to +0 trident.
  2112 | D:2      | 2112 ||| DROPPING +3 dagger.
  2117 | D:2      | 2117 ||| Stepping ~*~*~tactically~*~*~ (stealth).
  2118 | D:2      | 2118 ||| CASTING Summon Small Mammal
  2119 | D:2      | 2119 ||| CASTING Summon Small Mammal
  2120 | D:2      | 2120 ||| CASTING Summon Small Mammal
  2121 | D:2      | 2121 ||| CASTING Summon Small Mammal
  2186 | D:2      | 2186 ||| CASTING Summon Small Mammal
  2187 | D:2      | 2187 ||| CASTING Summon Small Mammal
  2188 | D:2      | 2188 ||| CASTING Summon Small Mammal
  2189 | D:2      | 2189 ||| CASTING Summon Small Mammal
  2197 | D:2      | 2197 ||| CASTING Summon Small Mammal
  2272 | D:2      | 2272 ||| CASTING Summon Small Mammal
  2273 | D:2      | 2273 ||| CASTING Summon Small Mammal
  2274 | D:2      | 2274 ||| CASTING Summon Small Mammal
  2275 | D:2      | 2275 ||| CASTING Summon Small Mammal
  2282 | D:2      | 2282 ||| CASTING Summon Small Mammal
  2291 | D:2      | 2291 ||| CASTING Summon Small Mammal
  2337 | D:2      | 2337 ||| CASTING Summon Small Mammal
  2338 | D:2      | 2338 ||| CASTING Summon Small Mammal
  2339 | D:2      | 2339 ||| CASTING Summon Small Mammal
  2340 | D:2      | 2340 ||| CASTING Summon Small Mammal
  2383 | D:2      | Found a snail-covered altar of Cheibriados.
  2419 | D:2      | 2419 ||| CASTING Summon Small Mammal
  2420 | D:2      | 2420 ||| CASTING Summon Small Mammal
  2421 | D:2      | 2421 ||| CASTING Summon Small Mammal
  2422 | D:2      | 2422 ||| CASTING Summon Small Mammal
  2425 | D:2      | 2425 ||| Stepping ~*~*~tactically~*~*~ (outnumbered).
  2426 | D:2      | 2426 ||| Stepping ~*~*~tactically~*~*~ (outnumbered).
  2429 | D:2      | 2429 ||| CASTING Summon Small Mammal
  2438 | D:2      | 2438 ||| CASTING Summon Small Mammal
  2440 | D:2      | HP: 6/29 [adder (2)]
  2442 | D:2      | HP: 2/29 [adder (1)]
  2445 | D:2      | Slain by a quokka

Levels and vault maps discovered:
D:1:      spicycebolla_arrival_clurvy, layout_basic,
          chequers_ecumenical_altar_island
D:2:      layout_rooms, basic_altar

Skill      XL: |  1  2  3 |
---------------+----------+-----
Axes           | 1 2 |  2.1
Fighting       | 1 2 |  2.0
Dodging        | |  1.7
Stealth        | |  2.1
Spellcasting   | |  1.7
Summonings     | |  3.6

Action                   || total
-------------------------++-------
Melee: Dagger            ||    52
       Unarmed           ||     4
       Club              ||    20
       Punch             ||     1
       Trident           ||    39
Throw: Boomerang         ||     2
 Cast: Summon Small Mamm ||   102
  Use: Scroll            ||     3
 Stab: Distracted        ||     1
Armor: Robe              ||    29
Dodge: Dodged            ||    95

Table legend:
 A = Non-vault XP
 B = Vault XP
 C = Vault XP percentage of total XP
 D = Non-vault monster count
 E = Vault monster count
 F = Vault count percentage of total count
                 A         B        C        D         E       F
            +---------+---------+-------+---------+---------+-------
      Total |      63 |       0 |   0.0 |      40 |       0 |   0.0
            +---------+---------+-------+---------+---------+-------
        D:1 |      42 |       0 |   0.0 |      25 |       0 |   0.0
        D:2 |      21 |       0 |   0.0 |      15 |       0 |   0.0
            +---------+---------+-------+---------+---------+-------
